 Dungeon Crawl Stone Soup version 0.30.0-13-g156ef70053 (webtiles) character file.

Game seed: 7082555953453527202

29 monsoonserge the Vexing (level 3, 0/28 HPs)
             Began as a Meteoran Hexslinger on May 17, 2023.
             Slain by a hound (3 damage)
             ... on level 2 of the Dungeon.
             The game lasted 00:03:11 (518 turns).

monsoonserge the Vexing (Meteoran Hexslinger)        Turns: 518, Time: 00:03:11

Health: 0/28       AC:  2    Str: 12    XL:     3   Next: 52%
Magic:  5/6        EV: 12    Int: 16    God:
Gold:   63         SH:  0    Dex: 14    Spells: 3/4 levels left

rFire   . . .        a - +1 sling
rCold   . . .        (no shield)
rNeg    . . .        c - +0 robe
rPois   .            (no helmet)
rElec   .            (no cloak)
rCorr   .            (no gloves)
SInv    .            (no boots)
Will    .....        (no amulet)
Stlth   +            (no ring)
HPRegen 0.24/turn    (no ring)
MPRegen 0.10/turn

%: no passive effects
@: glowing
A: sense surroundings 1, otherworldly, glowing, explore regen
a: no special abilities


You were on level 2 of the Dungeon.
You visited 1 branch of the dungeon, and saw 2 of its levels.

You collected 63 gold pieces.

Inventory:

Hand Weapons
 a - a +1 sling (weapon)
Armour
 c - a +0 robe (worn)
 i - a +0 ring mail
Scrolls
 b - a scroll of poison
 d - a scroll of fear {unknown}
 f - a scroll of identify {unknown}
 h - 2 scrolls of vulnerability {unknown}
 j - a scroll of noise {unknown}
 k - a scroll of blinking {unknown}
 l - a scroll of amnesia {unknown}
Potions
 e - a potion of flight {unknown}
 g - a potion of degeneration {unknown}


   Skills:
 + Level 1.1 Fighting
 + Level 2.9 Ranged Weapons
 + Level 2.6 Dodging
 + Level 1.3 Spellcasting
 + Level 4.4 Hexes


You had 3 spell levels left.
You knew the following spells:

 Your Spells              Type           Power      Damage    Failure   Level
a - Slow                  Hex            60%        N/A       3%          1

Your spell library contained the following spells:

 Spells                   Type           Power      Damage    Failure   Level
 Inner Flame              Hex/Fire       8%         N/A       26%         3
 Portal Projectile        Hex/Tloc       16%        N/A       26%         3
 Cause Fear               Hex            7%         N/A       34%         4


Dungeon Overview and Level Annotations

Branches:
Dungeon (2/15) Zot: 658

Altars:


Innate Abilities, Weirdness & Mutations

You passively map a small area around you.
You are easily found by Zot.
You glow in the dark.
You regain HP and MP as you explore.


Message History

The hound closely misses you. The hound bites you but does no damage.
You shoot a sling bullet.
The sling bullet closely misses the hound.
The sling bullet hits the bat.
The bat is severely wounded.
The rat misses you. The hound bites you but does no damage. The rat bites you.
You shoot a sling bullet.
The sling bullet closely misses the hound.
The sling bullet barely misses the bat.
The hound closely misses you. The rat bites you but does no damage.
You shoot a sling bullet.
The sling bullet closely misses the hound.
The sling bullet misses the bat.
The hound is no longer moving slowly.
The hound closely misses you. The rat bites you but does no damage.
You shoot a sling bullet. The sling bullet hits the hound.
The hound is almost dead.
The hound bites you. The hound closely misses you. The rat bites you.
You shoot a sling bullet.
The sling bullet closely misses the hound.
The sling bullet hits the bat.
The bat is severely wounded.
The hound bites you. The rat barely misses you. The hound bites you.
You shoot a sling bullet.
The sling bullet barely misses the hound.
The sling bullet hits the bat!
You kill the bat!
The hound barely misses you. The rat closely misses you. The hound misses you.
The rat misses you.
You shoot a sling bullet.
The sling bullet barely misses the hound.
The hound bites you. x2
* * * LOW HITPOINT WARNING * * *
The rat bites you but does no damage.
Unknown command.
You shoot a sling bullet.
The sling bullet closely misses the hound.
The hound bites you.
* * * LOW HITPOINT WARNING * * *
The rat barely misses you. The hound bites you.
You die...

** * #
##* ##. .
*
#...#*#*.
#.#. .#.#
#.. .....
,
#r#......
#@h†.....
*
#.#:.....
#.. ...>.
*
#.#.,....
#....,..$
### #. .#
## #


You could see a hound and a rat.

Vanquished Creatures
  An adder (D:2)
  A dart slug (D:1)
  3 bats
  An endoplasm (D:1)
  3 giant cockroaches (D:1)
  2 goblins (D:1)
  A hobgoblin (D:2)
  2 quokkas (D:1)
  A frilled lizard (D:1)
  A rat (D:1)
16 creatures vanquished.

Notes
Turn   | Place    | Note
-------+----------+-------------------------------------------
     0 | D:1      | monsoonserge the Meteoran Hexslinger began the quest for
                  | the Orb.
     0 | D:1      | Reached XP level 1. HP: 16/16 MP: 3/3
    93 | D:1      | Reached XP level 2. HP: 23/23 MP: 3/5
    94 | D:1      | Reached skill level 4 in Hexes
   349 | D:1      | Reached XP level 3. HP: 18/28 MP: 6/6
   518 | D:2      | Slain by a hound

Illustrated notes

Levels and vault maps discovered:
D:1:      nzn_arrival_crosshair, layout_basic
D:2:      layout_basic, st_stairs_4, uniq_jessica, uniq_terence

Skill      XL: |  1  2 |
---------------+-------+-----
Hexes          | 4 |  4.4
Fighting       | |  1.1
Ranged Weapons | |  2.9
Dodging        | |  2.6
Spellcasting   | |  1.3

Action                     || total
---------------------------++-------
   Fire: Sling             ||    83
   Cast: Slow              ||     9
 Armour: Robe              ||    24
  Dodge: Dodged            ||    46
